 Dungeon Crawl Stone Soup version 0.23-a0-183-gf37f6fb (webtiles) character file.

84 Felrender the Shield-Bearer (level 4, 0/60 HPs)
             Began as a Minotaur Fighter on Sept 21, 2018.
             Slain by Sigmund
             ... wielding a +0 scythe
              (8 damage)
             ... on level 2 of the Dungeon.
             The game lasted 00:03:04 (913 turns).

Felrender the Shield-Bearer (Minotaur Fighter)       Turns: 913, Time: 00:03:04

Health: 0/60       AC:  7    Str: 26    XL:     4   Next: 24%
Magic:  3/3        EV:  8    Int:  5    God:
Gold:   19         SH: 11    Dex: 10    Spells: 3/3 levels left

rFire    . . .     SeeInvis .   a - +0 long sword
rCold    . . .     Gourm    .   c - +1 shield
rNeg     . . .     Faith    .   b - +0 scale mail
rPois    .         Spirit   .   (helmet restricted)
rElec    .         Reflect  .   (no cloak)
rCorr    .         Harm     .   (no gloves)
MR       .....                  (no boots)
Stlth    ..........             (no amulet)
HPRegen  0.20/turn              (no ring)
MPRegen  0.08/turn              (no ring)

@: mighty, berserking, very slightly contaminated, invisible, very quick
A: retaliatory headbutt, horns 2
a: no special abilities


You were on level 2 of the Dungeon.
You were not hungry.

You visited 1 branch of the dungeon, and saw 2 of its levels.

You collected 19 gold pieces.

Inventory:

Hand Weapons
 a - a +0 long sword (weapon)
Armour
 b - a +0 scale mail (worn)
 c - a +1 shield (worn)
Scrolls
 i - a scroll of fog {unknown}
 j - a scroll of remove curse
 k - a scroll of teleportation {unknown}
 l - 2 scrolls of amnesia {unknown}
 m - a scroll of identify
Potions
 e - 3 potions of curing
 h - a potion of invisibility
Comestibles
 f - 4 rations
 g - 6 chunks of flesh


   Skills:
 + Level 4.1 Fighting
 + Level 3.6 Long Blades
 + Level 4.4 Armour
 + Level 0.4 Dodging
 + Level 4.4 Shields


You had 3 spell levels left.
You didn't know any spells.
Your spell library was empty.

Dungeon Overview and Level Annotations

Branches:
Dungeon (2/15)

Altars:

Annotations:
D:2 Sigmund


Innate Abilities, Weirdness & Mutations

You reflexively headbutt those who attack you in melee.
You have a pair of horns on your head.


Message History

You hit something. Something hits you but does no damage.
You closely miss something. Your headbutt misses something.
You block something's attack.
You miss something. You block something's attack.
You feel very mighty all of a sudden.
It was a potion of invisibility.
You fade into invisibility!
Something hits you!
* * * LOW HITPOINT WARNING * * *
You are very lightly contaminated with residual magic.
Sorry, you're not good enough to have a special ability.
It was a potion of berserk rage.
A red film seems to cover your vision as you go berserk!
You feel yourself moving faster!
You feel mighty! Something hits you but does no damage.
You are too berserk!
You are too berserk!
You miss something. Your headbutt misses something. You barely miss something.
Your headbutt misses something. Something hits you!
You die...

#
######.#
#...@{.#
#.######
#.# #.#
#.# #.#
#.# #.#
#.#


There were no monsters in sight!

Vanquished Creatures
  Jessica (D:2)
  An adder (D:2)
  An ooze (D:1)
  A worm (D:2)
  A dart slug (D:1)
  2 leopard geckos (D:1)
  A giant cockroach (D:1)
  5 goblins
  6 hobgoblins (D:1)
  2 jackals (D:2)
  2 kobolds (D:1)
  9 bats
  2 frilled lizards (D:1)
  5 rats
39 creatures vanquished.

Notes
Turn   | Place    | Note
-------+----------+-------------------------------------------
     0 | D:1      | Felrender the Minotaur Fighter began the quest for the Orb.
     0 | D:1      | Reached XP level 1. HP: 19/19 MP: 0/0
   126 | D:1      | Reached XP level 2. HP: 27/27 MP: 1/1
   355 | D:1      | Reached XP level 3. HP: 33/33 MP: 2/2
   729 | D:2      | Noticed Jessica
   734 | D:2      | Killed Jessica
   769 | D:2      | Reached XP level 4. HP: 35/40 MP: 3/3
   888 | D:2      | Noticed Sigmund
   913 | D:2      | Slain by Sigmund

Vault maps used:
D:1:      nagdon_arrival_zigzag_paths
D:2:      uniq_jessica, uniq_sigmund

Skill      XL: |  1  2 |
---------------+-------+-----
Fighting       | 4 |  4.1
Shields        | 4 |  4.4
Armour         | 4 |  4.4
Long Blades    | 3 |  3.6
Dodging        | |  0.4

Action                   |  1- 3 |  4- 6 || total
-------------------------+-------+-------++-------
Melee: Long sword        |    74 |    36 ||   110
       Headbutt          |     7 |     7 ||    14
  Use: Scroll            |     3 |     1 ||     4
       Potion            |       |     3 ||     3
Armor: Scale mail        |    50 |    10 ||    60
Dodge: Dodged            |    19 |     1 ||    20
Block: Shield            |    39 |    14 ||    53
       Rpst.: Long sword |     6 |     1 ||     7

Table legend:
 A = Non-vault XP
 B = Vault XP
 C = Vault XP percentage of total XP
 D = Non-vault monster count
 E = Vault monster count
 F = Vault count percentage of total count
                 A         B        C        D         E       F
            +---------+---------+-------+---------+---------+-------
      Total |      84 |      37 |  30.6 |      38 |       1 |   2.6
            +---------+---------+-------+---------+---------+-------
        D:1 |      57 |       0 |   0.0 |      30 |       0 |   0.0
        D:2 |      27 |      37 |  57.8 |       8 |       1 |  11.1
            +---------+---------+-------+---------+---------+-------
